 Dungeon Crawl Stone Soup version 0.18-a0-1764-gf4ddf0b (webtiles) character file.

54756 namelastname112 the Martial Artist (level 14, -6/143 HPs)
             Began as a Naga Transmuter on Apr 13, 2016.
             Killed from afar by a fire dragon (16 damage)
             ... with a blast of flame
             ... on level 15 of the Dungeon.
             The game lasted 00:54:48 (21192 turns).

namelastname112 the Martial Artist (NaTm)          Turns: 21192, Time: 00:54:49

Health: -6/143     AC:  6    Str: 14    XL:     14   Next: 74%
Magic:  0/36       EV: 13    Int: 15    God:    Xom [.*....]
Gold:   850        SH:  0    Dex: 13    Spells: 4 memorised, 20 levels left

rFire  + . .     SeeInvis +       - Unarmed
rCold  + . .     Gourm    .     u - +0 troll leather armour
rNeg   . . .     Faith    .     (shield currently unavailable)
rPois  +         Spirit   +     I - +1 hat {SInv}
rElec  +         Dismiss  .     p - +0 cloak {rC+}
rCorr  .         Reflect  .     (gloves currently unavailable)
SustAt .         Harm     .     (no barding)
MR     +....                    w - amulet of guardian spirit
Stlth  +.........               M - ring of Twilight {*Drain rElec MP+9 SInv}
                                q - ring of wizardry

@: about to teleport, blade hands, corroded, studying Ice Magic, very slow,
somewhat resistant to hostile enchantments, very unstealthy
A: rough black scales 1, thin metallic scales 1, see invisible, deformed body,
fire resistance 1, sense surroundings 1, poison resistance, robust 1, slowness
2, slow regeneration 1, slow metabolism 1, spit poison 2, evolution 1, constrict
1, AC +4
a: Spit Poison, End Transformation, Renounce Religion


You were on level 15 of the Dungeon.
You worshipped Xom.
You were a plaything of Xom.
You were not hungry.
You had blades for hands.
You visited 1 branch of the dungeon, and saw 15 of its levels.
You also visited: Ice Cave.

You collected 965 gold pieces.
You spent 115 gold pieces at shops.

Inventory:

Hand Weapons
 s - the +8 autumn katana (melded) {slice, Clar}
   (You found it on level 13 of the Dungeon)

   It inflicts extra damage upon your enemies.
   It protects you against confusion.
Missiles
 a - 342 arrows
 h - 60 poisoned arrows
 G - 10 arrows of frost
Armour
 p - a +0 cloak of cold resistance (worn)
 u - a +0 troll leather armour (worn)
 I - a +1 hat of see invisible (worn)
 X - a +0 pair of gloves (melded)
Jewellery
 q - a ring of wizardry (left scythe-like blade)
 w - an amulet of guardian spirit (around neck)
 M - the ring of Twilight (right scythe-like blade) {*Drain rElec MP+9 SInv}
   (You found it on level 13 of the Dungeon)

   [ring of see invisible]

   It insulates you from electricity.
   It affects your magic capacity (+9).
   It lets you see invisible.
   It causes draining when unequipped.
Wands
 n - a wand of polymorph (6/24)
 y - a wand of polymorph (15/24)
 C - a wand of hasting (4/9)
 D - a wand of iceblast (15/15)
 K - a wand of teleportation (4/9)
 R - a wand of iceblast (8/15)
 S - a wand of paralysis (8/24)
 T - a wand of iceblast (5/15)
 U - a wand of iceblast (7/15)
Scrolls
 e - a scroll of teleportation
 f - a scroll of identify
 g - a scroll of enchant armour
 i - 8 scrolls of remove curse
 k - 2 scrolls of amnesia
 m - a scroll of enchant weapon
 A - a scroll of summoning
Potions
 l - 3 potions of haste
 o - a potion of curing
 x - 3 potions of magic
 E - a potion of resistance
 H - a potion of brilliance
 N - a potion of cancellation
 Y - a potion of cure mutation
Books
 b - a manual of Ice Magic
 c - a book of Changes

   Spells                             Type                      Level
   a - Beastly Appendage              Transmutation                1
   b - Sticks to Snakes               Transmutation                2
   c - Spider Form                    Transmutation/Poison         3
   d - Ice Form                       Ice/Transmutation            4
   e - Blade Hands                    Transmutation                5
 j - a book of Geomancy

   Spells                             Type                      Level
   a - Sandblast                      Earth                        1
   b - Passwall                       Transmutation/Earth          2
   c - Stone Arrow                    Conjuration/Earth            3
   d - Petrify                        Transmutation/Earth          4
   e - Lee's Rapid Deconstruction     Earth                        5
 F - a book of Party Tricks

   Spells                             Type                      Level
   a - Summon Butterflies             Summoning                    1
   b - Apportation                    Translocation                1
   c - Tukima's Dance                 Hexes                        3
   d - Alistair's Intoxication        Transmutation/Poison         5
   e - Invisibility                   Hexes                        6
 L - a book of Flames

   Spells                             Type                      Level
   a - Flame Tongue                   Conjuration/Fire             1
   b - Throw Flame                    Conjuration/Fire             2
   c - Conjure Flame                  Conjuration/Fire             3
   d - Inner Flame                    Hexes/Fire                   3
   e - Sticky Flame                   Conjuration/Fire             4
   f - Fireball                       Conjuration/Fire             5
 Q - a manual of Ice Magic
 V - a book of Beasts

   Spells                             Type                      Level
   a - Summon Butterflies             Summoning                    1
   b - Call Canine Familiar           Summoning                    3
   c - Summon Ice Beast               Ice/Summoning                4
   d - Summon Mana Viper              Hexes/Summoning              5
   e - Summon Hydra                   Summoning                    7
Miscellaneous
 B - a phial of floods (inert)
 P - a fan of gales (inert)
Comestibles
 d - 11 bread rations
 r - 2 chunks of flesh
 t - 3 slices of pizza
 J - 7 fruits


   Skills:
 + Level 9.6 Fighting
 + Level 8.3 Dodging
 * Level 13.6 Unarmed Combat
 + Level 9.0 Spellcasting
 * Level 13.2 Transmutations
 + Level 6.8 Ice Magic


You had 20 spell levels left.
You knew the following spells:

 Your Spells              Type           Power        Failure   Level  Hunger
a - Sticks to Snakes      Trmt           #####...     3%          2    None
c - Blade Hands           Trmt           #####.....   7%          5    #####..
e - Apportation           Tloc           #.........   28%         1    None
x - Spider Form           Trmt/Pois      ####......   12%         3    #......


Dungeon Overview and Level Annotations

Branches:
Dungeon (15/15)            Temple (0/1) D:6            Lair (0/8) D:10
    Orc (0/2) D:10         Vaults (0/5) D:13         Depths (0/5) D:15

Altars:
Ashenzari
Dithmenos
Fedhas
Nemelex Xobeh
Qazlal
Sif Muna
Trog
Xom
Yredelemnul
The Shining One
Beogh

Shops:
D:10 ?   D:14 }

Annotations:
D:10 exclusion: orange crystal statue
D:15 Maud


Innate Abilities, Weirdness & Mutations

You cannot wear boots.
Your serpentine skin is tough (AC +4).
You have supernaturally acute eyesight.
Armour fits poorly on your strangely shaped body.
Your system is resistant to poisons.
You cover ground very slowly.
You have a slow metabolism.
You can spit poison.
You can use your snake-like lower body to constrict enemies.
You are partially covered in rough black scales (AC +4, Dex -1).
You are partially covered in thin metallic scales (AC +2).
Your flesh is heat resistant.
You passively map a small area around you.
You are robust (+10% HP).
You regenerate slowly when monsters are visible.
You evolve.


Message History

Your air elemental completely misses the fire dragon.
Your air elemental hits the fire dragon!
The fire dragon barely misses your air elemental. x2
The fire dragon misses your air elemental.
Your air elemental hits the fire dragon.
Read which item? (? for menu, Esc to quit)
Okay, then.
Drink which item? (? for menu, Esc to quit)
You feel better.
Your air elemental hits the fire dragon but does no damage.
The fire dragon bites your air elemental!
Your air elemental is destroyed!
You regained 5 hp, and now have 14/143 hp.
The ogre mage hits you with a club!
* * * LOW HITPOINT WARNING * * *
You take 4 damage, and have 10/143 hp.
You now have 2/36 mp.
The fire dragon breathes flames at you. The blast of flame hits you!
You resist.
You die...
Xom laughs nastily!

*,,,,,,#......#
***+*+*##.....# *,#,*
#.....#
********.#.###.....#
,,,,,,,,...........#
,,,,,,,,...##......#
,,,,,,,,.,**#......#
,8,8,,,,,,,##......#
,,,,,,,,,,,#.)..@..#
,,,,,,,,8,,#....OO.#
,,,,,,,,,,,#..D..###**
,8,,,,,,,,,##O##o....#
,,,>,,,8,,,,#o##5....#
,,,,,,,,,,*,#).#.....#
,,8,,,,,,,*,##o#.....#
########
,,,,,,,,,,*,*#R......#
#.)....#
,88,,,,,,8*,,*#5.....#
#.####.#


You could see a fire dragon, an ogre mage, a two-headed ogre, an ogre, an orc
wizard, a crimson imp and an orc.

Vanquished Creatures
  A sphinx (D:13)
  Gastronok (D:9)
  A tengu reaver (D:13)
  A stone giant (D:13)
  Azrael (D:12)
  Josephine (D:14)
  2 vault guards (D:13)
  Fannar (D:11)
  4 centaur warriors
  A deep troll earth mage (D:13)
  Urug (D:14)
  2 unseen horrors
  2 hill giants
  Pikel (D:5)
  2 necromancers
  2 wizards (D:13)
  A wolf spider (shapeshifter) (D:12)
  2 orc knights (D:15)
  A deep elf mage (D:13)
  An orc sorcerer (D:15)
  2 griffons
  16 ugly things
  3 cyclopes
  A faun (shapeshifter) (D:14)
  A manticore (D:10)
  An ice statue (IceCv)
  A black mamba (shapeshifter) (D:13)
  Joseph (D:9)
  9 freezing wraiths (IceCv)
  3 tengu conjurers
  An efreet (D:13)
  7 trolls
  Grinder (D:3)
  3 two-headed ogres
  19 humans (D:13)
  7 wraiths
  4 wyverns
  A vampire (D:14)
  5 yaks (D:9)
  A fire elemental (D:12)
  3 hippogriffs
  Eustachio (D:5)
  A golden eye (D:10)
  2 hungry ghosts
  Edmund (D:4)
  3 vampire mosquitoes (D:12)
  A death yak simulacrum (IceCv)
  A soldier ant (D:12)
  A swamp worm (shapeshifter) (D:12)
  A water moccasin (D:11)
  Duvessa (D:5)
  5 hell hounds (D:12)
  3 slaves (D:5)
  A swamp drake (D:6)
  An eye of draining (D:10)
  A sky beast (D:7)
  4 black bears
  12 ice beasts
  An alligator simulacrum (IceCv)
  2 orc warriors
  5 phantoms
  3 necrophages
  A boggart (D:9)
  A wolf (shapeshifter) (D:8)
  7 ogres
  3 wolves (D:10)
  16 centaurs
  A crocodile (D:14)
  4 big kobolds
  18 giant frogs
  2 gnoll sergeants (D:9)
  Dowan (D:5)
  18 killer bees
  3 electric eels
  6 wights
  3 howler monkeys
  6 crimson imps
  A giant frog zombie (D:8)
  2 draconian simulacra (IceCv)
  4 centaur zombies
  10 hounds
  16 orc priests
  6 centaur skeletons
  4 jellies
  11 orc wizards
  3 iguanas
  2 spriggan simulacra (IceCv)
  11 worker ants
  3 troll simulacra (IceCv)
  A killer bee zombie (D:9)
  2 wolf simulacra (IceCv)
  5 centaur simulacra (IceCv)
  A hound zombie (D:8)
  2 hound skeletons
  A howler monkey zombie (D:9)
  A worker ant zombie (D:5)
  8 gnolls
  3 naga simulacra (IceCv)
  8 adders
  3 ogre simulacra (IceCv)
  7 shadow imps
  24 white imps
  3 oozes
  An adder zombie (D:8)
  2 worms
  3 adder skeletons
  6 dart slugs
  3 giant geckos
  78 orcs
  7 bats
  2 giant cockroaches
  8 goblins
  10 hobgoblins
  14 jackals
  3 quokkas
  2 ball pythons
  A giant gecko zombie (D:5)
  5 giant newts
  A jackal skeleton (D:7)
  14 kobolds
  A quokka skeleton (D:9)
  6 rats
  3 bushes (D:8)
572 creatures vanquished.

Vanquished Creatures (collateral kills)
  An ugly thing (D:15)
  A freezing wraith (IceCv)
  A two-headed ogre (D:15)
  A wyvern (D:15)
  A gnoll sergeant (D:10)
  A wight (D:7)
  A draconian simulacrum (IceCv)
  An orc priest (D:7)
  3 hounds (D:10)
  3 gnolls (D:10)
  A naga simulacrum (IceCv)
  2 orcs
  A giant cockroach (D:3)
  A hobgoblin (D:3)
  A jackal (D:10)
20 creatures vanquished.

Vanquished Creatures (others)
  2 dancing weapons
  2 ball lightnings (D:14)
  3 necrophages (D:8)
  A centaur (D:5)
  A giant frog (D:8)
  A giant gecko (D:6)
  2 orcs
  4 bushes (D:8)
  A fire vortex (D:6)
  10 plants (D:8)
  A withered plant (D:15)
28 creatures vanquished.

Grand Total: 620 creatures vanquished

Notes
Turn   | Place    | Note
--------------------------------------------------------------
     0 | D:1      | namelastname112 the Naga Transmuter began the quest for the Orb.
     0 | D:1      | Reached XP level 1. HP: 18/18 MP: 3/3
     0 | D:1      | Noticed a ghoul
     0 | D:1      | Noticed a minotaur
     0 | D:1      | Noticed a formicid
     2 | D:1      | Noticed an octopode
     4 | D:1      | Noticed a spriggan
     5 | D:1      | Noticed a draconian
     6 | D:1      | Noticed a dwarf
    10 | D:1      | Noticed a minotaur
    10 | D:1      | Noticed a formicid
    14 | D:1      | Noticed an octopode
    14 | D:1      | Noticed a ghoul
    14 | D:1      | Noticed a draconian
    16 | D:1      | Noticed a ghoul
    16 | D:1      | Noticed a vampire
    18 | D:1      | Noticed a gargoyle
    18 | D:1      | Noticed a spriggan
   106 | D:1      | epen: стой
   211 | D:1      | epen: стой
   211 | D:1      | namelastname112: че
   213 | D:1      | epen: хули ты тень?
   227 | D:1      | namelastname112: тайл поменял в настройках
   227 | D:1      | namelastname112: делов-то
   227 | D:1      | epen: а
   229 | D:1      | epen: на тень дрочить начал
   390 | D:1      | Reached XP level 2. HP: 16/25 MP: 5/5
   546 | D:1      | epen: поставил бы бульвазавра
   549 | D:1      | Learned a level 2 spell: Sticks to Snakes
  1251 | D:2      | Reached XP level 3. HP: 31/31 MP: 6/6
  1343 | D:2      | Learned a level 3 spell: Spider Form
  1362 | D:2      | namelastname112: опа
  1362 | D:2      | namelastname112: везуха
  1508 | D:2      | Found a glowing golden altar of the Shining One.
  1568 | D:2      | Found a stormy altar of Qazlal.
  1930 | D:2      | Reached XP level 4. HP: 38/38 MP: 7/7
  2114 | D:3      | Found a faded altar to an unknown god.
  2119 | D:3      | Noticed Grinder
  2267 | D:4      | crauler: нееееет
  2267 | D:4      | crauler: как же алтарь
  2268 | D:4      | namelastname112: как же гриндер
  2299 | D:4      | Noticed an ogre
  2312 | D:4      | Killed an ogre
  2312 | D:4      | Reached XP level 5. HP: 45/45 MP: 4/8
  2344 | D:4      | Noticed Edmund
  2346 | D:4      | Found a sparkling altar of Nemelex Xobeh.
  2359 | D:4      | Killed Edmund
  2359 | D:4      | Reached XP level 6. HP: 31/52 MP: 6/9
  2366 | D:4      | crauler: гриндера кстати мог бы и попытаться убить
  2474 | D:4      | crauler: если паук скастовался
  2474 | D:4      | namelastname112: >попытаться
  2608 | D:4      | crauler: >если паук кастанулся
  2877 | D:4      | crauler: новый рпойз, пауку никто не страшен
  2951 | D:4      | Found a shattered altar of Ashenzari.
  3038 | D:4      | epen: вчера когда волты чистил
  3098 | D:4      | epen: пришёл какой чел со своими братанами
  3133 | D:4      | epen: человек 4 было
  3213 | D:3      | epen: и писал в чат что-то про кравлТВ
  3215 | D:3      | Paralysed by Grinder for 4 turns
  3217 | D:3      | epen: что за тема?
  3433 | D:4      | namelastname112: лол
  3433 | D:4      | namelastname112: я ебу?
  3433 | D:4      | epen: вот и я не ебу
  3433 | D:4      | namelastname112: тв эта та штука
  3433 | D:4      | crauler: вроде бы просмотр игр
  3433 | D:4      | namelastname112: которая реплеи крутит
  3433 | D:4      | crauler: прошедших
  3440 | D:4      | Gained mutation: You are partially covered in rough black scales (AC +4, Dex -1). [potion of mutation]
  3440 | D:4      | Gained mutation: Your flesh is heat resistant. [potion of mutation]
  3440 | D:4      | Gained mutation: Your spells are a little easier to cast, but a little less powerful. [potion of mutation]
  3441 | D:4      | namelastname112: ммм
  3441 | D:4      | namelastname112: годно
  3463 | D:3      | Paralysed by Grinder for 7 turns
  3475 | D:3      | Killed Grinder
  3475 | D:3      | Reached skill level 5 in Unarmed Combat
  3475 | D:3      | Reached XP level 7. HP: 37/61 MP: 5/10
  3630 | D:3      | Gained mutation: You have a pair of small horns on your head. [potion of mutation]
  3630 | D:3      | Gained mutation: You are frail (-10% HP). [potion of mutation]
  4145 | D:3      | Reached skill level 5 in Transmutations
  4288 | D:3      | Became a worshipper of Xom of Chaos
  4288 | D:3      | epen: лол
  4288 | D:3      | namelastname112: EVERY GODDAMN TIME
  4288 | D:3      | crauler: NO, XOM, NO
  4315 | D:4      | epen: Хаос найты опрокидывают со временем ксома
  4370 | D:5      | Entered Level 5 of the Dungeon
  4383 | D:5      | epen: или можно и с ним победить?
  4402 | D:5      | crauler: глядишь фрейл залечишь
  4405 | D:5      | Noticed Duvessa
  4438 | D:5      | crauler: можно, но не нужно
  4445 | D:5      | namelastname112: если ты не извращенец
  4445 | D:5      | namelastname112: как я
  4454 | D:5      | Noticed Dowan
  4463 | D:5      | XOM: potion effect (magic)
  4464 | D:5      | XOM: potion effect (berserk rage)
  4469 | D:5      | Killed Dowan
  4469 | D:5      | Reached XP level 8. HP: 50/62 MP: 12/12
  4471 | D:5      | XOM: divination: magic mapping
  4473 | D:5      | Killed Duvessa
  4795 | D:5      | Noticed Eustachio
  4798 | D:5      | XOM: potion effect (curing)
  4800 | D:5      | XOM: enchant monster (good)
  4856 | D:5      | XOM: confuse monster(s)
  4856 | D:5      | Killed Eustachio
  4938 | D:5      | Learned a level 5 spell: Blade Hands
  5057 | D:5      | Noticed Pikel
  5057 | D:5      | XOM: destruction
  5069 | D:5      | Killed Pikel
  5113 | D:5      | Found a shadowy altar of Dithmenos.
  5113 | D:5      | XOM: vitrification
  5199 | D:5      | XOM: 1-stop teleportation journey
  5290 | D:5      | XOM: god gift: ring mail {god gift}
  5293 | D:5      | Found a bloodstained altar of Trog.
  5452 | D:6      | XOM: enchant monster (good)
  5502 | D:6      | Reached XP level 9. HP: 57/70 MP: 14/14
  5831 | D:6      | Found a staircase to the Ecumenical Temple.
  5966 | D:6      | XOM: divination: magic mapping
  6306 | D:6      | XOM: colour smoke trail
  6541 | D:6      | Goblin1989: что за обезьяна была?
  6541 | D:6      | crauler: хаулер
  6541 | D:6      | crauler: новый тайл
  6541 | D:6      | namelastname112: howler
  6663 | D:6      | XOM: harmless Tloc miscast
  6664 | D:6      | XOM: 1-stop teleportation journey
  6738 | D:6      | Goblin1989: это которые были похожи на кусочек какашки?
  6898 | D:6      | XOM: colour smoke trail
  6946 | D:6      | XOM: mild Fire miscast
  7358 | D:6      | XOM: mild Summ miscast
  7610 | D:6      | XOM: mild Ice miscast
  7612 | D:6      | HP: 3/70 [electric eel/bolt of electricity (9)]
  8037 | D:6      | XOM: confusion (+ monsters)
  8104 | D:6      | XOM: harmless Air miscast
  8105 | D:6      | crauler: флеймом обычно убиваются
  8204 | D:6      | crauler: изза пара
  8655 | D:7      | Got a polished war axe
  8656 | D:7      | Identified the +6 war axe of Ciusevvor {venom, +Blink rC+ Dex+2} (You found it on level 7 of the Dungeon)
  8677 | D:7      | Goblin1989: кстати
  8678 | D:7      | Gained mutation: Your magical capacity is low (-10% MP). [potion of mutation]
  8678 | D:7      | Gained mutation: Your mind is acute. (Int +2) [potion of mutation]
  9052 | D:7      | Goblin1989: почему у всех когда они в облаке стоят в статусе клоуд написало, а у меня нет?
  9059 | D:7      | Lost mutation: You are frail (-10% HP). [mutagenic meat]
  9060 | D:7      | Gained mutation: You possess an exceptional clarity of mind. [mutagenic meat]
  9061 | D:7      | Gained mutation: Your flesh is cold resistant. [mutagenic meat]
  9062 | D:7      | crauler: у меня тоже не пишет
  9062 | D:7      | namelastname112: думаю рц-настройки
  9062 | D:7      | namelastname112: у меня тоже не пишет
  9062 | D:7      | crauler: походу берут какойто рц в общем доступе
  9062 | D:7      | namelastname112: у епена тоже наверняка
  9062 | D:7      | namelastname112: да все hda юзают
  9092 | D:7      | crauler: хда?
  9107 | D:7      | XOM: harmless Hex miscast
  9219 | D:7      | XOM: give mutations
  9219 | D:7      | Gained mutation: You occasionally shout uncontrollably at your foes. [Xom's mischief]
  9219 | D:7      | Lost mutation: You possess an exceptional clarity of mind. [Xom's mischief]
  9509 | D:7      | namelastname112: ну есть парень
  9509 | D:7      | namelastname112: hilarious death artist
  9509 | D:7      | namelastname112: у него ебовый рц
  9509 | D:7      | namelastname112: оче много хуйни полезной
  9512 | D:7      | crauler: м
  9653 | D:8      | Found a deep blue altar of Sif Muna.
  9680 | D:8      | Reached skill level 5 in Fighting
  9691 | D:8      | Reached XP level 10. HP: 65/88 MP: 15/15
  9784 | D:8      | XOM: scenery: create altars
  9820 | D:8      | XOM: polymorph orc warrior -> wolf
  9987 | D:8      | XOM: 1-stop teleportation journey
 10162 | D:8      | Reached skill level 5 in Dodging
 10190 | D:8      | XOM: divination: detect items
 10317 | D:8      | XOM: fog
 10375 | D:8      | XOM: swap monsters
 10700 | D:8      | XOM: enchant monster (good)
 10775 | D:8      | Gained mutation: You are partially covered in thin metallic scales (AC +2). [potion of mutation]
 10780 | D:8      | Found a blossoming altar of Fedhas.
 10842 | D:8      | Reached skill level 5 in Spellcasting
 10842 | D:8      | XOM: destruction
 10991 | D:8      | XOM: summons friendly quasit
 11175 | D:9      | XOM: swap monsters
 11180 | D:9      | XOM: swap monsters
 11342 | D:9      | XOM: vitrification
 11552 | D:9      | Noticed Gastronok
 11563 | D:9      | XOM: swap monsters
 11564 | D:9      | Noticed Joseph
 11613 | D:9      | Killed Joseph
 11623 | D:9      | XOM: divine lightning (protected)
 11758 | D:9      | Noticed Psyche
 11809 | D:9      | Noticed Psyche
 11809 | D:9      | Psyche changed into Psyche the swamp drake
 11809 | D:9      | XOM: polymorph Psyche -> Psyche the swamp drake
 11815 | D:9      | Noticed Psyche
 11815 | D:9      | Psyche the swamp drake changed into Psyche the boggart
 11815 | D:9      | XOM: polymorph Psyche the swamp drake -> Psyche the boggart
 11821 | D:9      | Killed Psyche the boggart
 11822 | D:9      | XOM: summons friendly shadow imp
 11825 | D:9      | Reached XP level 11. HP: 19/97 MP: 9/17
 11825 | D:9      | XOM: enchant monster (good)
 11828 | D:9      | XOM: scenery: 1 doors open
 12038 | D:9      | XOM: god gift: 41 gold pieces
 12287 | D:9      | Found a basalt altar of Yredelemnul.
 12391 | D:9      | namelastname112: сука
 12391 | D:9      | namelastname112: супер-стратегии блять
 12405 | D:9      | Killed Gastronok
 12405 | D:9      | Reached skill level 10 in Unarmed Combat
 12524 | D:9      | XOM: divination: magic mapping
 12899 | D:10     | Entered Level 10 of the Dungeon
 12966 | D:10     | XOM: blink monster(s)
 12968 | D:10     | epen: skushai limonchik padla
 13251 | D:10     | Found Huut's Magic Scroll Shoppe.
 13251 | D:10     | Noticed a hill giant
 13255 | D:10     | XOM: summons 7 friendly demons
 13259 | D:10     | Killed a hill giant
 13326 | D:10     | Found a staircase to the Orcish Mines.
 13326 | D:10     | Found a roughly hewn altar of Beogh.
 13326 | D:10     | XOM: 7-stop teleportation journey
 13328 | D:10     | Found a staircase to the Lair.
 13332 | D:10     | crauler: оранж кристал
 13333 | D:10     | XOM: 5-stop teleportation journey
 13338 | D:10     | crauler: или показалось
 13354 | D:10     | XOM: swap monsters
 13357 | D:10     | XOM: summons 4 friendly demons
 13389 | D:10     | Reached skill level 10 in Transmutations
 13395 | D:10     | XOM: polymorph troll -> golden eye
 13396 | D:10     | namelastname112: не показалось
 13396 | D:10     | namelastname112: я видел
 13396 | D:10     | crauler: пиздец веселье
 13396 | D:10     | crauler: телепорты по всему уровню
 13396 | D:10     | crauler: полиморф, саммон
 13396 | D:10     | namelastname112: да ебанись
 13396 | D:10     | namelastname112: блять
 13396 | D:10     | namelastname112: ну хоть тролля морфнул
 13396 | D:10     | namelastname112: и на том спасибо
 13714 | D:10     | XOM: 10-stop teleportation journey
 13754 | D:10     | crauler: какой каст с троллем?
 13883 | D:10     | namelastname112: нормальный
 13883 | D:10     | namelastname112: у меня виз
 13883 | D:10     | namelastname112: да и у троля ер никакой
 13883 | D:10     | namelastname112: почти
 13889 | D:10     | Noticed a manticore
 13894 | D:10     | XOM: scenery: create altars
 13898 | D:10     | Killed a manticore
 14030 | D:10     | XOM: severe Trmt miscast
 14033 | D:10     | XOM: chaos upgrade
 14048 | D:10     | XOM: confusion (+ monsters)
 14049 | D:10     | XOM: 2-stop teleportation journey
 14050 | D:10     | Noticed an orange crystal statue
 14060 | D:10     | XOM: enchant monster (bad)
 14068 | D:10     | XOM: summons 5 hostile demons
 14080 | D:10     | XOM: blink monster(s)
 14088 | D:10     | namelastname112: еб твою мать блять
 14096 | D:10     | XOM: confusion (+ monsters)
 14101 | D:10     | XOM: summons 3 hostile demons
 14172 | D:9      | XOM: mild Summ miscast
 14242 | D:10     | XOM: summons friendly white imp
 14245 | D:10     | XOM: repel stairs
 14431 | D:10     | Bought a scroll of teleportation for 33 gold pieces
 14431 | D:10     | Bought a scroll of blinking for 82 gold pieces
 14568 | D:10     | XOM: mild Erth miscast
 14576 | D:10     | XOM: swap monsters
 14633 | D:11     | Goblin1989: казуал сказал что самый легкий тмутер из троля. я как-то задумался
 14633 | D:11     | Reached XP level 12. HP: 105/109 MP: 19/19
 14669 | D:11     | XOM: give mutation
 14669 | D:11     | Lost mutation: Your mind is acute. (Int +2) [Xom's mischief]
 14683 | D:11     | namelastname112: лол
 14683 | D:11     | namelastname112: ну если ты к чеи идешь
 14683 | D:11     | namelastname112: то да
 14683 | D:11     | crauler: не играл но не соглашусь
 14683 | D:11     | namelastname112: статуя когти
 14750 | D:11     | Noticed a centaur warrior
 14761 | D:11     | Killed a centaur warrior
 14904 | D:11     | Noticed Fannar
 14924 | D:11     | Killed Fannar
 15040 | D:11     | Lost mutation: Your magical capacity is low (-10% MP). [mutagenic meat]
 15174 | D:12     | Noticed Nessos
 15174 | D:12     | Noticed Nessos
 15174 | D:12     | Nessos changed into Nessos the ghost crab
 15174 | D:12     | XOM: polymorph Nessos -> Nessos the ghost crab
 15175 | D:12     | namelastname112: БЛЯТЬ
 15175 | D:12     | namelastname112: ксом сука
 15175 | D:12     | namelastname112: охуел там в край
 15176 | D:12     | Nessos the ghost crab changed into Nessos the snapping turtle
 15202 | D:12     | Gained mutation: You are robust (+10% HP). [mutagenic meat]
 15204 | D:12     | Gained mutation: You passively map a small area around you. [mutagenic meat]
 15245 | D:12     | XOM: potion effect (invisibility)
 15251 | D:12     | Noticed Azrael
 15267 | D:12     | XOM: summons 12 friendly demons
 15276 | D:12     | Killed Azrael
 15311 | D:12     | XOM: divination: detect items
 15356 | D:12     | Gained mutation: Your body sometimes deteriorates upon taking damage. [mutagenic meat]
 15357 | D:12     | Lost mutation: Your spells are a little easier to cast, but a little less powerful. [mutagenic meat]
 15407 | D:12     | XOM: severe Tloc miscast
 15505 | D:12     | XOM: cast spell 'Dispersal'
 15514 | D:12     | epen: в миниш кэмпе тот мужик в доме в начале
 15526 | D:12     | epen: кем тебе приходится?
 15532 | D:12     | epen: дядей?
 15535 | D:12     | XOM: enchant monster (good)
 15542 | D:12     | epen: отцом?
 15542 | D:12     | namelastname112: дядя
 15542 | D:12     | namelastname112: бати у линка нет
 15542 | D:12     | namelastname112: лол
 15602 | D:12     | XOM: polymorph hill giant -> glowing shapeshifter
 15603 | D:12     | Noticed an anaconda
 15603 | D:12     | a glowing shapeshifter changed into an anaconda
 15605 | D:12     | Noticed a spark wasp
 15605 | D:12     | an anaconda changed into a spark wasp
 15606 | D:12     | Noticed an anaconda
 15606 | D:12     | a spark wasp changed into an anaconda
 15607 | D:12     | Noticed a satyr
 15607 | D:12     | an anaconda changed into a satyr
 15609 | D:12     | XOM: noise
 15609 | D:12     | a satyr changed into a wolf spider
 15640 | D:12     | XOM: noise
 16366 | D:12     | Learned a level 1 spell: Apportation
 16366 | D:12     | namelastname112: алсо
 16366 | D:12     | namelastname112: кравлер
 16366 | D:12     | namelastname112: слыхал, нет
 16366 | D:12     | crauler: ?
 16366 | D:12     | namelastname112: девы хотят аппорт выпилить
 16366 | D:12     | namelastname112: или сделать его 4-5 лвлои
 16366 | D:12     | namelastname112: лвлом*
 16657 | D:12     | XOM: vitrification
 16669 | D:12     | Gained mutation: You can use your snake-like lower body to constrict enemies. [Naga growth]
 16669 | D:12     | Reached XP level 13. HP: 102/128 MP: 24/24
 16690 | D:12     | XOM: god gift: 19 stones
 16753 | D:13     | Found a frozen archway.
 16754 | D:13     | namelastname112: опа
 16754 | D:13     | Goblin1989: спидранерам это не понравится
 16754 | D:13     | namelastname112: констрикт завезли
 16754 | D:13     | crauler: ну даже не знаю, если подумать аппорт рун было бы неплохо сделать более сложным
 16761 | D:13     | XOM: smoke on damage
 16803 | D:13     | crauler: для всего остального они могут пройти нахуй
 16814 | IceCv    | Entered an ice cave
 16815 | IceCv    | Goblin1989: ермаку это не понравится
 17000 | IceCv    | namelastname112: да бля
 17000 | IceCv    | namelastname112: я бы просто сделал такую же фичу, как с орбой
 17000 | IceCv    | namelastname112: чтобы руна имела 2/3 шанса резистнуть аппорт
 17000 | IceCv    | namelastname112: и орала
 17009 | IceCv    | XOM: confuse monster(s)
 17070 | IceCv    | XOM: god gift: phial of floods
 17073 | IceCv    | XOM: divine lightning
 17088 | IceCv    | XOM: vitrification
 17391 | IceCv    | XOM: enchant monster (good)
 17392 | IceCv    | crauler: в те давние (кхекхе) времена когда был вес, для тяжелого же был нужен спелповер на аппорте?
 17545 | IceCv    | namelastname112: да
 17545 | IceCv    | namelastname112: руны нихуя не весят, емнип
 17557 | IceCv    | crauler: рунам весу надо добавить просто
 17567 | IceCv    | XOM: god gift: gold wand {god gift}
 17580 | IceCv    | namelastname112: C - a wand of hasting {god gift}
 17580 | IceCv    | namelastname112: гыгыс
 17588 | IceCv    | crauler: чтобы без тренировки ты руну тянул по одной-две клетки
 17659 | IceCv    | crauler: погоди еще
 17669 | IceCv    | crauler: сейчас хаста
 17708 | IceCv    | crauler: а потом мауд-сторм драгон
 17742 | IceCv    | crauler: или что другое
 17795 | IceCv    | namelastname112: бля
 17795 | IceCv    | namelastname112: я и не такое переживал
 17879 | IceCv    | XOM: god gift: 16 poisoned bolts
 17891 | IceCv    | XOM: confuse monster(s)
 17922 | IceCv    | crauler: АЙС МАНУАЛ
 17928 | IceCv    | namelastname112: лол блять
 17928 | IceCv    | namelastname112: ну охуеть теперь
 17928 | IceCv    | namelastname112: че мне с ними делать? симулякру учить?
 17963 | IceCv    | crauler: ледоформу на макс повер, лол
 17992 | IceCv    | XOM: summons friendly neqoxec
 18002 | IceCv    | Found an ancient bone altar of Kikubaaqudgha.
 18015 | IceCv    | XOM: 2-stop teleportation journey
 18087 | IceCv    | XOM: scenery: create altars
 18281 | D:13     | crauler: я конечно опоздал с этим на два месяца
 18281 | D:13     | XOM: 2-stop teleportation journey
 18283 | D:13     | crauler: https://crawl.develz.org/wordpress/a-brief-history-of-buffness
 18284 | D:13     | namelastname112: а
 18284 | D:13     | crauler: такие то оправдания
 18284 | D:13     | namelastname112: эта охуенная история про баффы
 18284 | D:13     | namelastname112: кстати
 18284 | D:13     | namelastname112: мне короче напекло недавно
 18284 | D:13     | namelastname112: и я создал тред в таверне
 18284 | D:13     | namelastname112: что моттлед ебаное говно
 18284 | D:13     | namelastname112: какой-то чел сказал, что я просто типа
 18284 | D:13     | namelastname112: ща
 18284 | D:13     | namelastname112: I think you'll understand why people tend to think mottled is at least decent after you get more experience
 18284 | D:13     | namelastname112: >more experience
 18284 | D:13     | namelastname112: он сука охуел
 18284 | D:13     | XOM: 1-stop teleportation journey
 18289 | D:13     | Noticed a sphinx
 18291 | D:13     | crauler: ВЫ НИЧЕГО НЕ ПОНИМАЕТЕ
 18296 | D:13     | Reached skill level 1 in Ice Magic
 18304 | D:13     | Killed a sphinx
 18375 | D:13     | Noticed a tengu reaver
 18376 | D:13     | Noticed a stone giant
 18382 | D:13     | XOM: fake destruction
 18573 | D:13     | Killed a tengu reaver
 18589 | D:13     | Killed a stone giant
 18592 | D:13     | XOM: scenery: create altars
 18756 | D:13     | Got a sparkling granite ring
 18758 | D:13     | Identified the ring of Twilight {*Drain rElec MP+9 SInv} (You found it on level 13 of the Dungeon)
 18792 | D:13     | crauler: мотлед может промазать дыханием?
 18800 | D:13     | namelastname112: да
 18800 | D:13     | crauler: о, катана
 18800 | D:13     | namelastname112: он мажет часто шо пездес
 18802 | D:13     | XOM: 1-stop teleportation journey
 18803 | D:13     | crauler: мне почемуто казалось что нет
 18832 | D:13     | crauler: а так тогда он как красный только хуже во всем
 18832 | D:13     | namelastname112: тебе казалось
 18832 | D:13     | namelastname112: лол
 18832 | D:13     | namelastname112: уж мне-то поверь
 18975 | D:13     | XOM: swap monsters
 18977 | D:13     | XOM: summons 2 hostile demons
 19155 | D:13     | XOM: colour smoke trail
 19217 | D:13     | XOM: scenery: create altars
 19228 | D:13     | Noticed a vault guard
 19229 | D:13     | Noticed a vault guard
 19238 | D:13     | XOM: cast spell 'Hydra Form'
 19246 | D:13     | Reached XP level 14. HP: 79/141 MP: 9/26
 19252 | D:13     | XOM: confuse monster(s)
 19272 | D:13     | XOM: enchant monster (bad)
 19287 | D:14     | XOM: divination: magic mapping
 19288 | D:14     | Noticed Maud
 19288 | D:14     | XOM: harmless Summ miscast
 19299 | D:14     | Noticed Urug
 19300 | D:14     | XOM: potion effect (agility)
 19313 | D:14     | XOM: divination: magic mapping
 19315 | D:14     | XOM: potion effect (invisibility)
 19367 | D:13     | XOM: harmless Summ miscast
 19608 | D:13     | XOM: divination: magic mapping
 19635 | D:13     | Reached skill level 5 in Ice Magic
 19640 | D:13     | Gained mutation: Your tail ends in a poisonous barb. [mutagenic meat]
 19686 | D:13     | Found a gate to the Vaults.
 19787 | D:13     | XOM: divination: detect creatures
 19839 | D:14     | XOM: cast spell 'Leda's Liquefaction'
 19841 | D:14     | XOM: summons 2 friendly demons
 19870 | D:14     | Gained mutation: You are occasionally teleported next to monsters. [mutagenic meat]
 19871 | D:14     | Lost mutation: You occasionally shout uncontrollably at your foes. [mutagenic meat]
 19872 | D:14     | Lost mutation: You are occasionally teleported next to monsters. [mutagenic meat]
 19874 | D:14     | Gained mutation: You regenerate slowly when monsters are visible. [mutagenic meat]
 19881 | D:14     | Lost mutation: Your body sometimes deteriorates upon taking damage. [mutagenic meat]
 19952 | D:14     | crauler: неплохо
 20250 | D:14     | Noticed Josephine
 20256 | D:14     | Killed Josephine
 20342 | D:14     | XOM: noise
 20343 | D:14     | XOM: blink monster(s)
 20396 | D:14     | XOM: medium Summ miscast
 20422 | D:14     | Found a shadowy altar of Dithmenos.
 20471 | D:14     | namelastname112: бля
 20471 | D:14     | namelastname112: а почему я с ксомом?
 20615 | D:14     | Lost mutation: Your tail ends in a poisonous barb. [potion of mutation]
 20615 | D:14     | Gained mutation: You evolve. [potion of mutation]
 20615 | D:14     | Lost mutation: Your flesh is cold resistant. [potion of mutation]
 20649 | D:14     | XOM: harmless Summ miscast
 20658 | D:14     | Killed Urug
 20700 | D:14     | XOM: give mutations
 20700 | D:14     | Gained mutation: You are clumsy. (Dex -2) [Xom's mischief]
 20700 | D:14     | Lost mutation: You have a pair of small horns on your head. [Xom's mischief]
 20700 | D:14     | Lost mutation: You are clumsy. (Dex -2) [Xom's mischief]
 20878 | D:14     | XOM: cast spell 'Conjure Ball Lightning'
 20919 | D:14     | Found Giel's Gadget Shoppe.
 20982 | D:15     | Entered Level 15 of the Dungeon
 21119 | D:15     | XOM: harmless Conj miscast
 21134 | D:15     | XOM: harmless Summ miscast
 21136 | D:15     | XOM: cast spell 'Summon Hydra'
 21153 | D:15     | XOM: enchant monster (bad)
 21162 | D:15     | XOM: 5-stop teleportation journey
 21180 | D:15     | namelastname112: ну все
 21180 | D:15     | namelastname112: приехали, че
 21184 | D:15     | XOM: blink monster(s)
 21192 | D:15     | Killed from afar by a fire dragon

Vault maps used:
D:1:      shiori_arrival_whats_in_store_for_you, minmay_misc_feat_roman
D:2:      nicolae_qazlal_eye_of_the_storm, first_bread,
          minmay_tree_intersection, nicolae_tso_carved_into_rock
D:3:      ecumenical_altar_2, uniq_grinder
D:4:      nicolae_overflow_hidden_temple, lemuel_doored_altar, uniq_edmund
D:5:      grunt_dithmenos_shadows, lightli_temple_of_fire, uniq_duvessa,
          uniq_eustachio, uniq_pikel
D:6:      minmay_temple_entry_grid, serial_bayou_ford_a
D:8:      fedhas_altar_decomposition, overflow_temple_1_default
D:9:      yredelemnul_altar_generic, uniq_joseph, uniq_gastronok, uniq_psyche
D:10:     erik_lair_island, minmay_orc_entry_temple_small, grunt_tengu_nest,
          minivault_16, kennysheep_small_circle
D:11:     uniq_fannar
D:12:     uniq_nessos, uniq_azrael
D:13:     grunt_vaults_entry_tiered, portal_ice_cave_entry_imps,
          minmay_diamond_spiral
D:14:     nooodl_glass_maze, kennysheep_flooded_box, serial_shops, shop,
          uniq_urug, uniq_josephine, uniq_maud
D:15:     gammafunk_depths_entry_grave, lab_entry_generic,
          grunt_decor_mini_mirrors, serial_glass, glass_columns_a,
          glass_columns_b
IceCv:    ice_cave_small_necro

Skill      XL: |  1  2  3  4  5  6  7  8  9 10 11 12 13 14 |
---------------+-------------------------------------------+-----
Dodging        | 2 3 4 5 6 7 8 |  8.3
Transmutations | 3 4 5 6 7 9 10 11 12 13 | 13.2
Unarmed Combat | 4 5 6 8 9 10 11 12 13 | 13.6
Fighting       | 2 3 4 5 7 8 9 |  9.6
Spellcasting   | 3 4 5 6 7 8 9 |  9.0
Ice Magic      | 4 6 |  6.8

Action                   |  1- 3 |  4- 6 |  7- 9 | 10-12 | 13-15 || total
-------------------------+-------+-------+-------+-------+-------++-------
Melee: Unarmed           |   162 |    95 |   412 |   461 |   395 ||  1525
       Headbutt          |       |       |    47 |   107 |    91 ||   245
       Punch             |       |       |     4 |    33 |    42 ||    79
       War axe           |       |       |    43 |   247 |    41 ||   331
       Constrict         |       |       |       |       |   111 ||   111
       Katana            |       |       |       |       |   122 ||   122
       Tailslap          |       |       |       |       |    21 ||    21
 Cast: Spider Form       |     2 |     7 |    14 |       |       ||    23
       Sticks to Snakes  |       |     5 |    25 |       |       ||    30
       Blade Hands       |       |       |     6 |    56 |    36 ||    98
 Abil: Spit Poison       |    10 |     1 |       |       |       ||    11
       End Transformatio |       |       |     1 |       |       ||     1
Evoke: Club              |       |       |     9 |     3 |     1 ||    13
       Phial of floods   |       |       |       |       |     2 ||     2
       Fan of gales      |       |       |       |       |     1 ||     1
  Use: Scroll            |       |     9 |       |    18 |    12 ||    39
       Potion            |       |     6 |     9 |     5 |     8 ||    28
 Stab: Sleeping          |     1 |       |     1 |     1 |       ||     3
       Invisible         |       |       |       |     4 |       ||     4
       Paralysed         |       |       |       |     2 |       ||     2
       Confused          |       |       |       |       |     5 ||     5
  Eat: Chunk             |     2 |     6 |    18 |    34 |    23 ||    83
       Meat ration       |       |       |     2 |     2 |     1 ||     5
       Beef jerky        |       |       |       |     2 |     3 ||     5
       Bread ration      |       |       |       |       |     1 ||     1
Armor: Robe              |    49 |    19 |   156 |   178 |       ||   402
       Skin              |       |     8 |    23 |    11 |     1 ||    43
       Troll leather arm |       |       |       |   195 |   269 ||   464
Dodge: Dodged            |    85 |    62 |   339 |   635 |   368 ||  1489
